 Dungeon Crawl Stone Soup version 0.29.0-4-gdea44cf6ec (webtiles) character file.

Game seed: 4763069190622711790

6966 qw the Cleaver (level 10, -11/93 HPs)
             Began as a Minotaur Berserker on Sept 4, 2022.
             Was an Elder of Trog.
             Mangled by a death yak (21 damage)
             ... on level 9 of the Dungeon.
             The game lasted 00:03:58 (10116 turns).

qw the Cleaver (Minotaur Berserker)                Turns: 10116, Time: 00:03:58

Health: -11/93     AC: 10    Str: 28    XL:     10   Next: 81%
Magic:  0/9        EV: 11    Int:  8    God:    Trog [****..]
Gold:   496        SH:  0    Dex: 15    Spells: 9/9 levels left

rFire   . . .      SeeInvis .   r - +1 hand axe (spect)
rCold   . . .      Faith    .   (no shield)
rNeg    . . .      Spirit   +   a - +0 chain mail
rPois   +          Reflect  .   (helmet restricted)
rElec   .          Harm     .   (no cloak)
rCorr   .          Rampage  .   (no gloves)
Will    .....                   (no boots)
Stlth   ..........              n - amulet of guardian spirit
HPRegen 0.25/turn               p - ring "Basmeof" {Str+3 Dex+6 Slay+2}
MPRegen 0.11/turn               (no ring)

@: marked, on berserk cooldown, slowed, very slow
A: horns 2, retaliatory headbutt, clever 1, poison resistance, subdued magic 1
a: Renounce Religion, Berserk, Trog's Hand, Brothers in Arms


You were on level 9 of the Dungeon.
You worshipped Trog.
Trog was greatly pleased with you.
You visited 1 branch of the dungeon, and saw 9 of its levels.

You collected 496 gold pieces.


Innate Abilities, Weirdness & Mutations

You have a pair of horns on your head.
You reflexively headbutt those who attack you in melee.
Your mind is acute. (Int +4, Str/Dex -1)
Your system is resistant to poisons. (rPois)
Your spells are a little easier to cast, but a little less powerful.


   Skills:
 + Level 10.1 Fighting
 - Level 14.4 Axes
 - Level 4.7 Throwing
 - Level 6.0 Armour
 - Level 6.0 Dodging


You had 9 spell levels left.
You didn't know any spells.
Your spell library was empty.

Inventory:

Hand Weapons
 g - a +0 morningstar
 r - a +1 spectral hand axe (weapon)
Missiles
 i - 2 boomerangs (quivered)
 l - a javelin
Armour
 a - a +0 chain mail (worn)
Jewellery
 n - an amulet of guardian spirit (around neck)
 p - the ring "Basmeof" (left hand) {Str+3 Dex+6 Slay+2}
   (You found it on level 6 of the Dungeon)

   [ring of dexterity]

   Str:       It affects your strength (+3).
   Dex:       It affects your dexterity (+6).
   Slay:      It affects your accuracy & damage with ranged weapons and melee
   (+2).
Scrolls
 h - 2 scrolls of identify
 k - a scroll of enchant armour
Potions
 b - 2 potions of heal wounds
 c - 4 potions of mutation
 d - 4 potions of haste
 e - 3 potions of curing
 f - 4 potions of might
 o - a potion of brilliance {unknown}

Dungeon Overview and Level Annotations

Branches:
Dungeon (9/15)             Temple (0/1) D:6
   Lair: D:8-11         Orc: D:9-12

Altars:
Nemelex Xobeh
Okawaru
Qazlal
Ru
Sif Muna
Uskayaw
Vehumet
Wu Jian
Zin

Shops:
D:2 =

Annotations:
D:5 4 runed translucent doors, Crazy Yiuf; qw's ghost, novice BaCK
D:8 3 runed translucent doors


Message History

The death yak is severely wounded.
Your +1 spectral hand axe hits the death yak!
The orc priest mumbles some strange prayers to Beogh against you.
Beogh smites you!
You hit the death yak. You headbutt the death yak.
The death yak is almost dead.
Your +1 spectral hand axe hits the death yak but does no damage. x2
You hit the death yak but do no damage.
The death yak is almost dead.
Your +1 spectral hand axe hits the death yak. x2
You barely miss the death yak. You headbutt the death yak.
The death yak is almost dead.
Your +1 spectral hand axe hits the death yak. x2
The death yak barely misses your +1 spectral hand axe.
A kobold brigand comes into view.
It is wielding a +0 short sword and quivering poisoned darts.
The death yak gores your +1 spectral hand axe!
Your spectral weapon shares its damage with you!
You slash the death yak!
You kill the death yak!
Trog accepts your kill.
You feel your strength returning.
Your Dodging skill gained 2 levels and is now at level 6!
A kobold comes into view. It is wielding a +0 short sword.
You are no longer berserk.
You are exhausted.
You feel yourself slow down.
A kobold brigand comes into view.
It is wielding a +0 whip and quivering poisoned darts.
The orc priest miscasts a cantrip.
The death yak gores you!!
You slash the death yak! Your headbutt misses the death yak.
The death yak is moderately wounded.
You hit the death yak.
Your +1 spectral hand axe closely misses the death yak.
The death yak gores you. The death yak gores you!
You hit the death yak but do no damage.
You headbutt the death yak, but do no damage.
The death yak is lightly wounded.
You hit the death yak but do no damage. You barely miss the death yak.
The death yak gores you! The death yak gores you!!
You die...

###.# ###.....#. #. #...#
#####.#. ####Y ...# #.#.
.....## #..# #.#. ....... #..#
#.'. ...)... #..# #.#. .......
#..###########.##
.......########.....)..........
.........K.o.Y@....)).#######..
..........KKoYY(%%....# #..
.............###%.....# #..
.............# #.###### ###
########.....# ### #######


You could see 3 death yaks, 2 kobold brigands, an orc priest, an orc wizard, a
kobold and a friendly +1 spectral hand axe (summoned).

Vanquished Creatures
  A two-headed ogre (D:8)
  2 death yaks (D:9)
  Pikel (D:5)
  Joseph (D:7)
  A shadow (D:9)
  5 yaks (D:9)
  3 steam dragons
  2 wyverns
  2 water moccasins
  An ice beast (D:5)
  An ogre (D:5)
  2 centaurs
  2 kobold brigands
  2 bullfrogs
  3 necrophages
  3 scorpions
  9 wights
  11 killer bees (D:9)
  4 howler monkeys
  A hound (D:6)
  2 jellies
  An orc priest (D:3)
  Terence (D:2)
  8 iguanas
  2 orc wizards
  11 adders
  3 gnolls (D:4)
  3 shadow imps
  A white imp (D:7)
  4 ufetubi
  2 worms (D:2)
  2 dart slugs
  21 orcs
  15 ball pythons
  5 endoplasms
  2 giant cockroaches
  8 hobgoblins
  3 jackals (D:3)
  11 kobolds
  8 quokkas
  6 bats
  2 frilled lizards (D:2)
  8 goblins
  3 rats
189 creatures vanquished.

Vanquished Creatures (others)
  2 plants (D:1)
  4 toadstools (D:1)
6 creatures vanquished.

Grand Total: 195 creatures vanquished

Notes
Turn   | Place    | Note
-------+----------+-------------------------------------------
     0 | D:1      | qw the Minotaur Berserker began the quest for the Orb.
     0 | D:1      | Reached XP level 1. HP: 19/19 MP: 0/0
     0 | D:1      | 0 ||| qw: Version: 0.1-a-103-gd6f5d3a
     0 | D:1      | 0 ||| qw: Game counter: 5385
     0 | D:1      | 0 ||| qw: Always use a shield: true
     0 | D:1      | 0 ||| qw: Do Orc after D:15 true
     0 | D:1      | 0 ||| qw: Do second Lair branch before Depths: true
     0 | D:1      | 0 ||| qw: Lair rune preference: random
     0 | D:1      | 0 ||| qw: Plans: Normal
     0 | D:1      | 0 ||| PLANNING D:1-11
    26 | D:1      | 26 ||| Stepping randomly (stuck).
    27 | D:1      | 27 ||| Stepping randomly (stuck).
    28 | D:1      | 28 ||| Stepping randomly (stuck).
    29 | D:1      | 29 ||| Stepping randomly (stuck).
    30 | D:1      | 30 ||| Stepping randomly (stuck).
    31 | D:1      | 31 ||| Stepping randomly (stuck).
    32 | D:1      | 32 ||| Stepping randomly (stuck).
    33 | D:1      | 33 ||| Stepping randomly (stuck).
    34 | D:1      | 34 ||| Stepping randomly (stuck).
    35 | D:1      | 35 ||| Stepping randomly (stuck).
    36 | D:1      | 36 ||| Stepping randomly (stuck).
    37 | D:1      | 37 ||| Stepping randomly (stuck).
    38 | D:1      | 38 ||| Stepping randomly (stuck).
    39 | D:1      | 39 ||| Stepping randomly (stuck).
    40 | D:1      | 40 ||| Stepping randomly (stuck).
    41 | D:1      | 41 ||| Stepping randomly (stuck).
    42 | D:1      | 42 ||| Stepping randomly (stuck).
    43 | D:1      | 43 ||| Stepping randomly (stuck).
    44 | D:1      | 44 ||| Stepping randomly (stuck).
    45 | D:1      | 45 ||| Stepping randomly (stuck).
    46 | D:1      | 46 ||| Stepping randomly (stuck).
    47 | D:1      | 47 ||| Stepping randomly (stuck).
    48 | D:1      | 48 ||| Stepping randomly (stuck).
    49 | D:1      | 49 ||| Stepping randomly (stuck).
    50 | D:1      | 50 ||| Stepping randomly (stuck).
    51 | D:1      | 51 ||| Stepping randomly (stuck).
    52 | D:1      | 52 ||| Stepping randomly (stuck).
    53 | D:1      | 53 ||| Stepping randomly (stuck).
    54 | D:1      | 54 ||| Stepping randomly (stuck).
    55 | D:1      | 55 ||| Stepping randomly (stuck).
    56 | D:1      | 56 ||| Stepping randomly (stuck).
    57 | D:1      | 57 ||| Stepping randomly (stuck).
    58 | D:1      | 58 ||| Stepping randomly (stuck).
    59 | D:1      | 59 ||| Stepping randomly (stuck).
    60 | D:1      | 60 ||| Stepping randomly (stuck).
    61 | D:1      | 61 ||| Stepping randomly (stuck).
    62 | D:1      | 62 ||| Stepping randomly (stuck).
    63 | D:1      | 63 ||| Stepping randomly (stuck).
    64 | D:1      | 64 ||| Stepping randomly (stuck).
    65 | D:1      | 65 ||| Stepping randomly (stuck).
    66 | D:1      | 66 ||| Stepping randomly (stuck).
    67 | D:1      | 67 ||| Stepping randomly (stuck).
    68 | D:1      | 68 ||| Stepping randomly (stuck).
    69 | D:1      | 69 ||| Stepping randomly (stuck).
    70 | D:1      | 70 ||| Stepping randomly (stuck).
    71 | D:1      | 71 ||| Stepping randomly (stuck).
    72 | D:1      | 72 ||| Stepping randomly (stuck).
    73 | D:1      | 73 ||| Stepping randomly (stuck).
    74 | D:1      | 74 ||| Stepping randomly (stuck).
    75 | D:1      | 75 ||| Stepping randomly (stuck).
    76 | D:1      | 76 ||| Stepping randomly (stuck).
    77 | D:1      | 77 ||| Stepping randomly (stuck).
    78 | D:1      | 78 ||| Stepping randomly (stuck).
    79 | D:1      | 79 ||| Stepping randomly (stuck).
    80 | D:1      | 80 ||| Stepping randomly (stuck).
    81 | D:1      | 81 ||| Stepping randomly (stuck).
    82 | D:1      | 82 ||| Stepping randomly (stuck).
    83 | D:1      | 83 ||| Stepping randomly (stuck).
    84 | D:1      | 84 ||| Stepping randomly (stuck).
    85 | D:1      | 85 ||| Stepping randomly (stuck).
    86 | D:1      | 86 ||| Stepping randomly (stuck).
    87 | D:1      | 87 ||| Stepping randomly (stuck).
    88 | D:1      | 88 ||| Stepping randomly (stuck).
    89 | D:1      | 89 ||| Stepping randomly (stuck).
    90 | D:1      | 90 ||| Stepping randomly (stuck).
    91 | D:1      | 91 ||| Stepping randomly (stuck).
    92 | D:1      | 92 ||| Stepping randomly (stuck).
    93 | D:1      | 93 ||| Stepping randomly (stuck).
    94 | D:1      | 94 ||| Stepping randomly (stuck).
    95 | D:1      | 95 ||| Stepping randomly (stuck).
    96 | D:1      | 96 ||| Stepping randomly (stuck).
    97 | D:1      | 97 ||| Stepping randomly (stuck).
    98 | D:1      | 98 ||| Stepping randomly (stuck).
    99 | D:1      | 99 ||| Stepping randomly (stuck).
   100 | D:1      | 100 ||| Stepping randomly (stuck).
   101 | D:1      | 101 ||| Stepping randomly (stuck).
   102 | D:1      | 102 ||| Stepping randomly (stuck).
   103 | D:1      | 103 ||| Stepping randomly (stuck).
   104 | D:1      | 104 ||| Stepping randomly (stuck).
   105 | D:1      | 105 ||| Stepping randomly (stuck).
   106 | D:1      | 106 ||| Stepping randomly (stuck).
   107 | D:1      | 107 ||| Stepping randomly (stuck).
   108 | D:1      | 108 ||| Stepping randomly (stuck).
   109 | D:1      | 109 ||| Stepping randomly (stuck).
   110 | D:1      | 110 ||| Stepping randomly (stuck).
   111 | D:1      | 111 ||| Stepping randomly (stuck).
   112 | D:1      | 112 ||| Stepping randomly (stuck).
   113 | D:1      | 113 ||| Stepping randomly (stuck).
   114 | D:1      | 114 ||| Stepping randomly (stuck).
   115 | D:1      | 115 ||| Stepping randomly (stuck).
   116 | D:1      | 116 ||| Stepping randomly (stuck).
   117 | D:1      | 117 ||| Stepping randomly (stuck).
   118 | D:1      | 118 ||| Stepping randomly (stuck).
   119 | D:1      | 119 ||| Stepping randomly (stuck).
   120 | D:1      | 120 ||| Stepping randomly (stuck).
   121 | D:1      | 121 ||| Stepping randomly (stuck).
   122 | D:1      | 122 ||| Stepping randomly (stuck).
   123 | D:1      | 123 ||| Stepping randomly (stuck).
   124 | D:1      | 124 ||| Stepping randomly (stuck).
   125 | D:1      | 125 ||| Stepping randomly (stuck).
   126 | D:1      | 126 ||| Stepping randomly (stuck).
   127 | D:1      | 127 ||| Stepping randomly (stuck).
   128 | D:1      | 128 ||| Stepping randomly (stuck).
   129 | D:1      | 129 ||| Stepping randomly (stuck).
   130 | D:1      | 130 ||| Stepping randomly (stuck).
   131 | D:1      | 131 ||| Stepping randomly (stuck).
   132 | D:1      | 132 ||| Stepping randomly (stuck).
   133 | D:1      | 133 ||| Stepping randomly (stuck).
   134 | D:1      | 134 ||| Stepping randomly (stuck).
   135 | D:1      | 135 ||| Stepping randomly (stuck).
   136 | D:1      | 136 ||| Stepping randomly (stuck).
   137 | D:1      | 137 ||| Stepping randomly (stuck).
   138 | D:1      | 138 ||| Stepping randomly (stuck).
   139 | D:1      | 139 ||| Stepping randomly (stuck).
   140 | D:1      | 140 ||| Stepping randomly (stuck).
   141 | D:1      | 141 ||| Stepping randomly (stuck).
   142 | D:1      | 142 ||| Stepping randomly (stuck).
   143 | D:1      | 143 ||| Stepping randomly (stuck).
   144 | D:1      | 144 ||| Stepping randomly (stuck).
   145 | D:1      | 145 ||| Stepping randomly (stuck).
   146 | D:1      | 146 ||| Stepping randomly (stuck).
   147 | D:1      | 147 ||| Stepping randomly (stuck).
   148 | D:1      | 148 ||| Stepping randomly (stuck).
   149 | D:1      | 149 ||| Stepping randomly (stuck).
   150 | D:1      | 150 ||| Stepping randomly (stuck).
   151 | D:1      | 151 ||| Stepping randomly (stuck).
   152 | D:1      | 152 ||| Stepping randomly (stuck).
   153 | D:1      | 153 ||| Stepping randomly (stuck).
   154 | D:1      | 154 ||| Stepping randomly (stuck).
   155 | D:1      | 155 ||| Stepping randomly (stuck).
   156 | D:1      | 156 ||| Stepping randomly (stuck).
   157 | D:1      | 157 ||| Stepping randomly (stuck).
   158 | D:1      | 158 ||| Stepping randomly (stuck).
   159 | D:1      | 159 ||| Stepping randomly (stuck).
   160 | D:1      | 160 ||| Stepping randomly (stuck).
   161 | D:1      | 161 ||| Stepping randomly (stuck).
   162 | D:1      | 162 ||| Stepping randomly (stuck).
   163 | D:1      | 163 ||| Stepping randomly (stuck).
   164 | D:1      | 164 ||| Stepping randomly (stuck).
   165 | D:1      | 165 ||| Stepping randomly (stuck).
   166 | D:1      | 166 ||| Stepping randomly (stuck).
   167 | D:1      | 167 ||| Stepping randomly (stuck).
   168 | D:1      | 168 ||| Stepping randomly (stuck).
   169 | D:1      | 169 ||| Stepping randomly (stuck).
   170 | D:1      | 170 ||| Stepping randomly (stuck).
   171 | D:1      | 171 ||| Stepping randomly (stuck).
   172 | D:1      | 172 ||| Stepping randomly (stuck).
   173 | D:1      | 173 ||| Stepping randomly (stuck).
   174 | D:1      | 174 ||| Stepping randomly (stuck).
   175 | D:1      | 175 ||| Stepping randomly (stuck).
   176 | D:1      | 176 ||| Stepping randomly (stuck).
   177 | D:1      | 177 ||| Stepping randomly (stuck).
   178 | D:1      | 178 ||| Stepping randomly (stuck).
   179 | D:1      | 179 ||| Stepping randomly (stuck).
   180 | D:1      | 180 ||| Stepping randomly (stuck).
   181 | D:1      | 181 ||| Stepping randomly (stuck).
   182 | D:1      | 182 ||| Stepping randomly (stuck).
   183 | D:1      | 183 ||| Stepping randomly (stuck).
   184 | D:1      | 184 ||| Stepping randomly (stuck).
   185 | D:1      | 185 ||| Stepping randomly (stuck).
   186 | D:1      | 186 ||| Stepping randomly (stuck).
   187 | D:1      | 187 ||| Stepping randomly (stuck).
   188 | D:1      | 188 ||| Stepping randomly (stuck).
   189 | D:1      | 189 ||| Stepping randomly (stuck).
   190 | D:1      | 190 ||| Stepping randomly (stuck).
   191 | D:1      | 191 ||| Stepping randomly (stuck).
   192 | D:1      | 192 ||| Stepping randomly (stuck).
   193 | D:1      | 193 ||| Stepping randomly (stuck).
   194 | D:1      | 194 ||| Stepping randomly (stuck).
   195 | D:1      | 195 ||| Stepping randomly (stuck).
   196 | D:1      | 196 ||| Stepping randomly (stuck).
   197 | D:1      | 197 ||| Stepping randomly (stuck).
   198 | D:1      | 198 ||| Stepping randomly (stuck).
   199 | D:1      | 199 ||| Stepping randomly (stuck).
   200 | D:1      | 200 ||| Stepping randomly (stuck).
   201 | D:1      | 201 ||| Stepping randomly (stuck).
   202 | D:1      | 202 ||| Stepping randomly (stuck).
   203 | D:1      | 203 ||| Stepping randomly (stuck).
   204 | D:1      | 204 ||| Stepping randomly (stuck).
   205 | D:1      | 205 ||| Stepping randomly (stuck).
   206 | D:1      | 206 ||| Stepping randomly (stuck).
   207 | D:1      | 207 ||| Stepping randomly (stuck).
   208 | D:1      | 208 ||| Stepping randomly (stuck).
   209 | D:1      | 209 ||| Stepping randomly (stuck).
   210 | D:1      | 210 ||| Stepping randomly (stuck).
   211 | D:1      | 211 ||| Stepping randomly (stuck).
   212 | D:1      | 212 ||| Stepping randomly (stuck).
   213 | D:1      | 213 ||| Stepping randomly (stuck).
   214 | D:1      | 214 ||| Stepping randomly (stuck).
   215 | D:1      | 215 ||| Stepping randomly (stuck).
   216 | D:1      | 216 ||| Stepping randomly (stuck).
   217 | D:1      | 217 ||| Stepping randomly (stuck).
   218 | D:1      | 218 ||| Stepping randomly (stuck).
   219 | D:1      | 219 ||| Stepping randomly (stuck).
   220 | D:1      | 220 ||| Stepping randomly (stuck).
   221 | D:1      | 221 ||| Stepping randomly (stuck).
   253 | D:1      | Reached skill level 4 in Axes
   386 | D:1      | Found a faded altar of an unknown god.
   403 | D:1      | 403 ||| Stepping ~*~*~tactically~*~*~ (stealth).
   449 | D:2      | Reached XP level 2. HP: 26/26 MP: 1/1
   773 | D:2      | 773 ||| Stepping ~*~*~tactically~*~*~ (stealth).
   775 | D:2      | 775 ||| Stepping ~*~*~tactically~*~*~ (stealth).
   777 | D:2      | 777 ||| Stepping ~*~*~tactically~*~*~ (stealth).
   785 | D:2      | 785 ||| Stepping ~*~*~tactically~*~*~ (stealth).
   787 | D:2      | 787 ||| Stepping ~*~*~tactically~*~*~ (stealth).
   789 | D:2      | 789 ||| Stepping ~*~*~tactically~*~*~ (stealth).
   826 | D:2      | 826 ||| Stepping ~*~*~tactically~*~*~ (stealth).
   927 | D:2      | 927 ||| INVOKING Berserk.
  1253 | D:2      | Found Hileb's Jewellery Emporium.
  1260 | D:2      | 1260 ||| SHOPLISTING +6 ring of strength (504 gold, have
                  | 38).
  1260 | D:2      | 1260 ||| SHOPLISTING amulet "Dylutu" {Faith Will+ Int+5}
                  | (883 gold, have 38).
  1260 | D:2      | 1260 ||| SHOPLISTING ring of ice (350 gold, have 38).
  1260 | D:2      | 1260 ||| SHOPLISTING ring of resist corrosion (280 gold,
                  | have 38).
  1315 | D:2      | Noticed Terence
  1318 | D:2      | 1318 ||| INVOKING Berserk.
  1325 | D:2      | Killed Terence
  1326 | D:2      | Reached skill level 5 in Axes
  1326 | D:2      | Reached XP level 3. HP: 31/31 MP: 2/2
  1429 | D:2      | 1429 ||| INVOKING Berserk.
  1608 | D:2      | 1608 ||| Stepping ~*~*~tactically~*~*~ (stealth).
  1611 | D:2      | 1611 ||| INVOKING Berserk.
  1808 | D:2      | 1808 ||| Stepping ~*~*~tactically~*~*~ (stealth).
  1917 | D:2      | You fall into a shaft and drop 1 floor!
  1922 | D:3      | 1922 ||| UPGRADING to +0 scale mail.
  1932 | D:3      | 1932 ||| DROPPING +0 animal skin.
  1933 | D:3      | 1933 ||| READING scroll labelled MOVEOMOGIR.
  1934 | D:3      | 1934 ||| READING scroll labelled YZIJEXTARUDIM.
  1935 | D:3      | 1935 ||| DRINKING 3 sapphire potions.
  2290 | D:1      | Reached skill level 6 in Axes
  2290 | D:1      | Reached XP level 4. HP: 39/39 MP: 3/3
  2665 | D:1      | 2665 ||| DRINKING 2 metallic green potions.
  2666 | D:1      | 2666 ||| DRINKING 2 metallic purple potions.
  2708 | D:3      | Found an iron altar of Okawaru.
  2716 | D:3      | 2716 ||| Stepping ~*~*~tactically~*~*~ (stealth).
  2719 | D:3      | 2719 ||| Stepping ~*~*~tactically~*~*~ (stealth).
  2760 | D:3      | 2760 ||| INVOKING Berserk.
  3156 | D:3      | Reached ** piety under Trog
  3256 | D:3      | Reached skill level 7 in Axes
  3256 | D:3      | Reached XP level 5. HP: 44/45 MP: 4/4
  3748 | D:3      | Found an ornate altar of the Wu Jian Council.
  3777 | D:3      | 3777 ||| Stepping ~*~*~tactically~*~*~ (stealth).
  3867 | D:3      | 3867 ||| UPGRADING to +0 chain mail.
  3877 | D:3      | 3877 ||| DROPPING +0 scale mail.
  3878 | D:3      | 3878 ||| READING scroll labelled TAUN OGGUFUL.
  3879 | D:3      | 3879 ||| READING scroll labelled LUIRCH YJAORYZ.
  3880 | D:3      | 3880 ||| READING scroll labelled ORGHEU FYVERGH.
  3885 | D:3      | 3885 ||| READING scroll labelled WIULUSCHOUXT.
  3886 | D:3      | 3886 ||| READING scroll labelled GICEATEVOH.
  3887 | D:3      | 3887 ||| DRINKING 2 metallic puce potions.
  3888 | D:3      | 3888 ||| DROPPING potion of attraction.
  4045 | D:4      | 4045 ||| INVOKING Berserk.
  4054 | D:4      | 4054 ||| FLEEEEING.
  4055 | D:4      | 4055 ||| FLEEEEING.
  4056 | D:4      | 4056 ||| FLEEEEING.
  4061 | D:4      | 4061 ||| FLEEEEING.
  4062 | D:4      | 4062 ||| FLEEEEING.
  4063 | D:4      | 4063 ||| FLEEEEING.
  4064 | D:4      | 4064 ||| STAIRDANCE
  4240 | D:4      | 4240 ||| Stepping ~*~*~tactically~*~*~ (stealth).
  4406 | D:4      | Reached XP level 6. HP: 52/52 MP: 5/5
  4482 | D:4      | Found a sparkling altar of Nemelex Xobeh.
  4484 | D:4      | Found a radiant altar of Vehumet.
  4501 | D:4      | Reached skill level 8 in Axes
  4563 | D:4      | 4563 ||| Stepping ~*~*~tactically~*~*~ (stealth).
  4566 | D:4      | 4566 ||| Stepping ~*~*~tactically~*~*~ (stealth).
  4657 | D:4      | 4657 ||| INVOKING Berserk.
  4911 | D:5      | Entered Level 5 of the Dungeon
  4921 | D:5      | 4921 ||| STAIRDANCE
  5027 | D:5      | Reached skill level 9 in Axes
  5040 | D:5      | Found a sacrificial altar of Ru.
  5061 | D:5      | 5061 ||| Stepping ~*~*~tactically~*~*~ (stealth).
  5062 | D:5      | 5062 ||| INVOKING Berserk.
  5066 | D:5      | Reached XP level 7. HP: 61/61 MP: 6/6
  5074 | D:5      | 5074 ||| Stepping ~*~*~tactically~*~*~ (stealth).
  5087 | D:5      | Reached skill level 3 in Armour
  5362 | D:5      | Noticed Pikel
  5369 | D:5      | 5369 ||| INVOKING Berserk.
  5373 | D:5      | Killed Pikel
  5374 | D:5      | Reached skill level 11 in Axes
  5374 | D:5      | Reached XP level 8. HP: 61/68 MP: 7/7
  5581 | D:5      | Noticed qw's ghost (novice BaCK)
  5598 | D:5      | Found a runed translucent gate.
  5598 | D:5      | Found a runed translucent gate.
  5598 | D:5      | Found a runed translucent gate.
  5749 | D:5      | Found a runed translucent door.
  5750 | D:5      | Noticed Crazy Yiuf
  5859 | D:5      | 5859 ||| READING scroll labelled GOC JEADILUMP.
  5860 | D:5      | 5860 ||| READING scroll labelled NEVOAS UGEARCH.
  5861 | D:5      | 5861 ||| DRINKING 2 fizzy ruby potions.
  5861 | D:5      | Gained mutation: Your spells are a little easier to cast,
                  | but a little less powerful. [potion of mutation]
  5861 | D:5      | Gained mutation: Your mind is acute. (Int +4, Str/Dex -1)
                  | [potion of mutation]
  5861 | D:5      | Gained mutation: Your system is resistant to poisons.
                  | (rPois) [potion of mutation]
  5862 | D:5      | 5862 ||| READING 3 scrolls of identify.
  5862 | D:5      | 5862 ||| IDENTIFYING emerald potion
  5863 | D:5      | 5863 ||| READING 2 scrolls of identify.
  5863 | D:5      | 5863 ||| IDENTIFYING cyan potion
  5864 | D:5      | 5864 ||| DROPPING potion of invisibility.
  5894 | D:6      | Reached skill level 6 in Fighting
  5894 | D:6      | 5894 ||| STAIRDANCE
  6113 | D:6      | Noticed a +0 dagger
  6114 | D:6      | Noticed a +0 falchion
  6115 | D:6      | Noticed a +0 dagger
  6115 | D:6      | Noticed a +0 short sword
  6115 | D:6      | Noticed a +0 falchion
  6116 | D:6      | Noticed a +0 short sword
  6116 | D:6      | Noticed a +0 spear
  6117 | D:6      | Noticed a +0 spear
  6144 | D:6      | Found a staircase to the Ecumenical Temple.
  6241 | D:6      | Reached *** piety under Trog
  6469 | D:6      | Found a glowing silver altar of Zin.
  6603 | D:6      | 6603 ||| Stepping ~*~*~tactically~*~*~ (stealth).
  6612 | D:6      | Identified the ring "Basmeof" {Str+3 Dex+6 Slay+2}
  6621 | D:6      | 6621 ||| INVOKING Berserk.
  6623 | D:6      | Reached skill level 12 in Axes
  6695 | D:6      | Found a hide-covered altar of Uskayaw.
  6706 | D:6      | 6706 ||| INVOKING Berserk.
  6715 | D:6      | 6715 ||| Stepping ~*~*~tactically~*~*~ (cloud).
  7136 | D:6      | Found a shimmering blue altar of Sif Muna.
  7143 | D:6      | Found a stormy altar of Qazlal.
  7312 | D:6      | 7312 ||| DROPPING orb of mayhem.
  7313 | D:6      | 7313 ||| DROPPING orb of wrath.
  7314 | D:6      | 7314 ||| UPGRADING to amulet of guardian spirit.
  7319 | D:6      | 7319 ||| UPGRADING to ring "Basmeof" {Str+3 Dex+6 Slay+2}.
  7320 | D:6      | 7320 ||| READING scroll labelled QOWUOT BEST.
  7321 | D:6      | 7321 ||| READING scroll labelled VOOP MIHAHONA.
  7322 | D:6      | 7322 ||| READING scroll labelled VID EWAWAKK.
  7334 | D:7      | 7334 ||| STAIRDANCE
  7340 | D:7      | 7340 ||| STAIRDANCE
  7342 | D:7      | 7342 ||| STAIRDANCE
  7344 | D:7      | 7344 ||| STAIRDANCE
  7427 | D:7      | Reached skill level 1 in Throwing
  7479 | D:7      | Reached skill level 3 in Dodging
  7479 | D:7      | Reached XP level 9. HP: 79/79 MP: 8/8
  7495 | D:7      | 7495 ||| Stepping ~*~*~tactically~*~*~ (hiding).
  7507 | D:7      | Noticed Joseph
  7509 | D:7      | 7509 ||| Stepping ~*~*~tactically~*~*~ (hiding).
  7520 | D:7      | 7520 ||| INVOKING Berserk.
  7522 | D:7      | Killed Joseph
  7523 | D:7      | Reached skill level 13 in Axes
  8105 | D:7      | 8105 ||| DRINKING 2 sedimented puce potions.
  8127 | D:7      | 8127 ||| DROPPING potion of lignification.
  8197 | D:8      | Found a runed translucent gate.
  8198 | D:8      | Found a runed translucent gate.
  8198 | D:8      | Found a runed translucent gate.
  8199 | D:8      | Noticed a green ugly thing
  8200 | D:8      | Noticed a green ugly thing
  8200 | D:8      | Noticed a cyan ugly thing
  8246 | D:8      | Noticed a two-headed ogre
  8251 | D:8      | 8251 ||| INVOKING Berserk.
  8253 | D:8      | Killed a two-headed ogre
  8254 | D:8      | Reached skill level 14 in Axes
  8554 | D:8      | 8554 ||| Stepping ~*~*~tactically~*~*~ (hiding).
  8559 | D:8      | 8559 ||| INVOKING Berserk.
  8567 | D:8      | 8567 ||| Stepping ~*~*~tactically~*~*~ (cloud).
  8679 | D:8      | 8679 ||| Stepping ~*~*~tactically~*~*~ (stealth).
  8789 | D:8      | 8789 ||| FLEEEEING.
  8790 | D:8      | 8790 ||| FLEEEEING.
  8791 | D:8      | 8791 ||| FLEEEEING.
  8792 | D:8      | 8792 ||| FLEEEEING.
  8793 | D:8      | 8793 ||| FLEEEEING.
  8794 | D:8      | 8794 ||| FLEEEEING.
  8795 | D:8      | 8795 ||| FLEEEEING.
  8796 | D:8      | 8796 ||| FLEEEEING.
  8797 | D:8      | 8797 ||| FLEEEEING.
  8798 | D:8      | 8798 ||| FLEEEEING.
  8799 | D:8      | 8799 ||| FLEEEEING.
  8813 | D:8      | 8813 ||| FLEEEEING.
  8814 | D:8      | 8814 ||| FLEEEEING.
  8815 | D:8      | 8815 ||| STAIRDANCE
  8885 | D:7      | 8885 ||| DROPPING amulet of faith.
  8886 | D:7      | 8886 ||| READING scroll labelled KODATU RIUNUH.
  8987 | D:7      | 8987 ||| DRINKING 2 red potions.
  8988 | D:7      | 8988 ||| READING 2 scrolls of identify.
  8988 | D:7      | 8988 ||| IDENTIFYING inky potion
  8989 | D:7      | 8989 ||| DROPPING potion of degeneration.
  8990 | D:7      | 8990 ||| DROPPING potion of berserk rage.
  9132 | D:8      | 9132 ||| DROPPING +0 flail.
  9151 | D:8      | Reached XP level 10. HP: 88/88 MP: 9/9
  9291 | D:8      | 9291 ||| Stepping randomly (stuck).
  9312 | D:9      | 9312 ||| Stepping ~*~*~tactically~*~*~ (stealth).
  9314 | D:9      | 9314 ||| Stepping ~*~*~tactically~*~*~ (stealth).
  9325 | D:9      | Reached **** piety under Trog
  9331 | D:9      | Reached skill level 9 in Fighting
  9566 | D:9      | 9566 ||| Stepping ~*~*~tactically~*~*~ (stealth).
  9660 | D:9      | Reached skill level 3 in Throwing
  9867 | D:9      | 9867 ||| DROPPING +1 flail of protection.
  9874 | D:9      | 9874 ||| Stepping ~*~*~tactically~*~*~ (stealth).
  9879 | D:9      | Reached skill level 6 in Armour
  9889 | D:9      | 9889 ||| INVOKING Berserk.
 10090 | D:9      | Noticed a death yak
 10091 | D:9      | 10091 ||| FLEEEEING.
 10096 | D:9      | 10096 ||| FLEEEEING.
 10097 | D:9      | 10097 ||| FLEEEEING.
 10097 | D:9      | Noticed a death yak
 10098 | D:9      | 10098 ||| FLEEEEING.
 10099 | D:9      | 10099 ||| FLEEEEING.
 10100 | D:9      | 10100 ||| INVOKING Berserk.
 10104 | D:9      | Killed a death yak
 10105 | D:9      | Noticed a death yak
 10105 | D:9      | Noticed a death yak
 10106 | D:9      | Noticed a death yak
 10113 | D:9      | Killed a death yak
 10114 | D:9      | Reached skill level 6 in Dodging
 10116 | D:9      | HP: 10/93 [death yak (15)]
 10116 | D:9      | Mangled by a death yak

Levels and vault maps discovered:
D:1:      ldierk_water_garden, layout_rooms,
          hellmonk_ecumenical_altar_crossroads, serial_bayou_pond_b
D:2:      layout_loops_corners, serial_shops, nicolae_shop_stone, uniq_terence
D:3:      layout_loops_corners, okawaru_metal_pillars_3,
          mainiacjoe_overflow_chevrons, kennysheep_path_1, minmay_snake_closets
D:4:      layout_loops_cross, chequers_temple_overflow_statue_of_worship
D:5:      layout_rooms, mainiacjoe_overflow_alcove_1, gammafunk_ghost_split,
          uniq_pikel, uniq_crazy_yiuf_cottage
D:6:      layout_basic, mainiacjoe_overflow_brackets, nicolae_uskayaw_en_pointe,
          general_overflow_altar, nicolae_qazlal_eye_of_the_storm,
          minmay_temple_entry_junction_2
D:7:      layout_rooms, uniq_joseph
D:8:      layout_loops_ring, ploomutoo_gammafunk_ghost_potion_laboratory
D:9:      layout_irregular_city, dpeg_lair_monsters

Skill      XL: |  1  2  3  4  5  6  7  8  9 10 |
---------------+-------------------------------+-----
Axes           | 4 5 6 7 9 11 12 14 | 14.4
Fighting       | 4 5 7 8 10 | 10.1
Armour         | 3 4 5 6 |  6.0
Throwing       | 1 2 4 |  4.7
Dodging        | 3 6 |  6.0

Action                   |  1- 3 |  4- 6 |  7- 9 | 10-12 || total
-------------------------+-------+-------+-------+-------++-------
Melee: Hand axe          |    92 |   141 |   155 |    63 ||   451
       Headbutt          |    11 |    18 |    38 |    13 ||    80
       Punch             |       |       |     2 |       ||     2
Throw: Boomerang         |       |       |    25 |     4 ||    29
       Javelin           |       |       |     7 |     3 ||    10
Invok: Berserk           |     3 |     4 |     6 |     2 ||    15
  Use: Scroll            |     2 |     5 |     9 |       ||    16
       Potion            |     1 |     3 |     3 |       ||     7
 Stab: Distracted        |       |       |       |     1 ||     1
Armor: Animal skin       |    10 |       |       |       ||    10
       Scale mail        |     3 |    14 |       |       ||    17
       Chain mail        |       |    31 |    46 |     8 ||    85
Dodge: Dodged            |    57 |    57 |    56 |    15 ||   185

Table legend:
 A = Non-vault XP
 B = Vault XP
 C = Vault XP percentage of total XP
 D = Non-vault monster count
 E = Vault monster count
 F = Vault count percentage of total count
                 A         B        C        D         E       F
            +---------+---------+-------+---------+---------+-------
      Total |    7155 |    2797 |  28.1 |     168 |      21 |  11.1
            +---------+---------+-------+---------+---------+-------
        D:1 |      26 |       7 |  21.2 |      16 |       4 |  20.0
        D:2 |      44 |      36 |  45.0 |      23 |       1 |   4.2
        D:3 |      67 |      90 |  57.3 |      11 |      12 |  52.2
        D:4 |     231 |       0 |   0.0 |      26 |       0 |   0.0
        D:5 |     625 |     593 |  48.7 |      16 |       1 |   5.9
        D:6 |     942 |       0 |   0.0 |      19 |       0 |   0.0
        D:7 |     859 |     455 |  34.6 |      16 |       1 |   5.9
        D:8 |    1765 |       0 |   0.0 |      17 |       0 |   0.0
        D:9 |    2596 |    1616 |  38.4 |      24 |       2 |   7.7
            +---------+---------+-------+---------+---------+-------
